 Dungeon Sprint DCSS version 0.15-a0-1224-g3833f9c (webtiles) character file.

18713 Infinimo the Phalangite (level 12, -6/81 HPs)
             Began as a Demonspawn Fighter on June 1, 2014.
             Killed by divine providence
             ... invoked by Saint Roka
              (11 damage)
             ... while paralysed
             ... in the Dungeon (Sprint V: "Ziggurat Sprint").
             The game lasted 00:10:38 (1928 turns).

Infinimo the Phalangite (Demonspawn Fighter)        Turns: 1928, Time: 00:10:39

HP  -6/81        AC 28     Str 21      XL: 12   Next: 30%
MP  12/12        EV  2     Int 11      God:
Gold 0           SH  0     Dex 16      Spells:  0 memorised, 11 levels left

rFire  + . .     SeeInvis .     c - +5 demon trident (elec)
rCold  + + .     Clarity  .     G - +5 crystal plate armour
rNeg   + + +     rCorr    .     b - +18 shield of the gong {rElec rN+ MR+ EV-5}
rPois  +         rRot     .     V - +2 hat of the Alchemist {rElec rF+ rC+ MR+}
rElec  +         Spirit   .     (no cloak)
SustAb .         Warding  +     (gloves unavailable)
rMut   .         NoTele   +     O - +1 pair of boots {Fly}
Gourm  .                        x - amulet of Cekugob {Ward -Tele rElec rPois rN++ AC+1 EV+1}
MR     ++...                    L - ring of protection from cold
                                Z - ring "Klyocela" {EV+4 Str+3 Dex+3}

@: paralysed, lethally poisoned, exhausted, flying, slowed, studying 2 skills,
very resistant to hostile enchantments, extremely unstealthy
A: claws 3, yellow scales 1, deformed body, deterioration 2, powered by death 1,
weak 1
a: Stop Flying


You were in the Dungeon.
You were very hungry.

You visited 1 branch

Inventory:

Hand weapons
 a - a +0,+0 trident
 c - a +5,+5 demon trident of electrocution (weapon)
 H - the +9,+6 lance "Wyrmbane" {slay drac, +Rage rPois rF+ AC+5}
   (You found it in the Dungeon)

   This legendary weapon is deadly to all dragonkind.
   It affects your AC (+5).
   It protects you from fire.
   It protects you from poison.
   It lets you go berserk.
Armour
 b - the +18 shield of the gong (worn) {rElec rN+ MR+ EV-5}
   (You found it in the Dungeon)

   It affects your evasion (-5).
   It insulates you from electricity.
   It protects you from negative energy.
   It affects your resistance to hostile enchantments.
 G - a +5 crystal plate armour (worn)
 O - a +1 pair of boots of flying (worn)
 V - the +2 hat of the Alchemist (worn) {rElec rF+ rC+ MR+}
   (You found it in the Dungeon)

   It protects you from fire.
   It protects you from cold.
   It insulates you from electricity.
   It affects your resistance to hostile enchantments.
Magical devices
 y - a wand of disintegration (7)
 I - a wand of cold (1)
 J - a wand of draining (5)
 K - a wand of fire (4)
Comestibles
 d - 5 bread rations
 l - 42 fruits
 m - 4 meat rations
Scrolls
 k - 4 scrolls of blinking
 n - 4 scrolls of amnesia
 o - 3 scrolls of recharging
 p - 7 scrolls of fog
 q - 5 scrolls of identify
 r - 5 scrolls of remove curse
 s - 2 scrolls of fear
 F - a scroll of brand weapon
Jewellery
 x - the amulet of Cekugob (around neck) {Ward -Tele rElec rPois rN++ AC+1 EV+1}
   (You took it off a necromancer in the Dungeon)

   [amulet of warding]

   It may prevent the melee attacks of summoned creatures.
   It affects your AC (+1).
   It affects your evasion (+1).
   It insulates you from electricity.
   It protects you from poison.
   It greatly protects you from negative energy.
   It prevents most forms of teleportation.
 C - an uncursed ring of protection from fire
 L - a ring of protection from cold (right claw)
 N - a +5 ring of strength
 Q - the ring "Juli" {Str+3 Dex+4 Stlth+}
   (You found it in the Dungeon)

   [ring of stealth]

   It affects your strength (+3).
   It affects your dexterity (+4).
   It makes you more stealthy.
 W - an uncursed ring of see invisible
 Y - an uncursed ring of protection from cold
 Z - the ring "Klyocela" (left claw) {EV+4 Str+3 Dex+3}
   (You found it in the Dungeon)

   [ring of evasion]

   It affects your evasion (+4).
   It affects your strength (+3).
   It affects your dexterity (+3).
Potions
 e - 6 potions of might
 f - 9 potions of curing
 g - 2 potions of heal wounds
 h - 8 potions of haste
 i - 7 potions of magic
 t - 2 potions of brilliance
 u - 2 potions of invisibility
 v - 2 potions of restore abilities
 w - 4 potions of resistance
 z - 5 potions of agility
 P - a potion of porridge
Books
 A - a book of Envenomations

   Spells                             Type                      Level
   Spider Form                        Transmutation/Poison         3
   Alistair's Intoxication            Transmutation/Poison         4
   Olgreb's Toxic Radiance            Poison                       4
   Poisonous Cloud                    Conjuration/Poison/Air       6
 B - a book of the Dragon

   Spells                             Type                      Level
   Flight                             Charms/Air                   3
   Cause Fear                         Hexes                        4
   Bolt of Fire                       Conjuration/Fire             6
   Dragon Form                        Transmutation                7
   Dragon's Call                      Summoning                    9
 D - a manual of Bows
 E - a Grand Grimoire This book is beyond your current level of understanding.

   Spells                             Type                      Level
   Aura of Abjuration                 Summoning                    6
   Forceful Dismissal                 Summoning                    6
   Haunt                              Necromancy/Summoning         7
   Summon Greater Demon               Summoning                    7
   Malign Gateway                     Summoning/Translocation      7
   Summon Horrible Things             Summoning                    8
 M - a book of Wizardry

   Spells                             Type                      Level
   Agony                              Necromancy                   5
   Force Lance                        Conjuration                  5
   Dispersal                          Translocation                6
   Haste                              Charms                       6
   Invisibility                       Hexes                        6
   Spellforged Servitor               Conjuration/Summoning        7
 R - a manual of Maces & Flails
 S - a book of Dreams

   Spells                             Type                      Level
   Ensorcelled Hibernation            Hexes/Ice                    2
   Flight                             Charms/Air                   3
   Phase Shift                        Translocation                5
   Shadow Creatures                   Summoning                    5
   Mass Confusion                     Hexes                        6
   Darkness                           Hexes                        7
 T - a book of Control

   Spells                             Type                      Level
   Control Teleport                   Charms/Translocation         4
   Control Undead                     Necromancy                   4
   Enslavement                        Hexes                        4
   Metabolic Englaciation             Hexes/Ice                    5
   Mass Confusion                     Hexes                        6
 U - the Tome of the Entourage
   (You found it in the Dungeon)

   Spells                             Type                      Level
   Abjuration                         Summoning                    3
   Shadow Creatures                   Summoning                    5
   Summon Forest                      Summoning/Translocation      5
   Spellforged Servitor               Conjuration/Summoning        7


   Skills:
 - Level 3.0 Fighting
 * Level 21.6 Polearms
 + Level 14.4 Armour
 - Level 15.0 Shields


You had 11 spell levels left.
You didn't know any spells.

Dungeon Overview and Level Annotations

Branches:
Dungeon (1/1)

Altars:
Ashenzari
Cheibriados
Dithmenos
Elyvilon
Fedhas
Gozag
Kikubaaqudgha
Makhleb
Nemelex Xobeh
Okawaru
Qazlal
Sif Muna
Trog
Vehumet
Xom
Yredelemnul
Zin
The Shining One
Beogh
Jiyva
Lugonu

Annotations:
D Blork the orc, Duvessa, Edmund, Erica, Frances, Joseph, Louise, Rupert, Saint Roka, Urug, Wiglaf


Innate Abilities, Weirdness & Mutations

You have claws for hands.
You are partially covered in yellow scales (AC +2).
You can steal the life force of nearby defeated enemies.
Armour fits poorly on your strangely shaped body.
Your body is deteriorating.
You are weak. (Str -2)


Message History

You are feeling very hungry.
Blork the orc casts a spell at you. The puff of frost hits you!
The ynoxinul gestures at you. The iron shot hits you!
Saint Roka invokes the aid of Beogh against you.
Something smites you!
Joseph says, "I've waited for this moment for such a long time."
You are poisoned.
The ynoxinul gestures at you. The iron shot hits you!
Blork the orc casts a spell at you. The puff of frost hits you!
You feel sick.
Rupert hits you with a battleaxe of venom!!
* * * LOW HITPOINT WARNING * * *
The ynoxinul gestures.
Saint Roka mumbles some strange prayers to Beogh against you.
Something smites you!
You die...

▓........... ▓...
▓............ ▓...
▓.............▓...
▓.............▓...
▓.............▓..▓
▓o@▓.......▓..▓%%.
▓@@go.........▓...
▓@o.@.........▓▓▓▓
▓@34e.........▓...
▓▓▓▓▓▓▓▓▓▓▓▓▓▓▓..|
▓... ▓... ▓...
▓... ▓... ▓..▓
▓.▓.


You could see Saint Roka, Wiglaf, Rupert (berserk), Frances, Louise, Urug
(frenzied), Joseph, an iron devil, Edmund, Duvessa, a ynoxinul and Blork the orc
(frenzied).

Vanquished Creatures
  A pandemonium lord (D)
  An emperor scorpion (D)
  Snorg (D)
  A vampire mage (D)
  An unseen horror (D)
  2 large abominations (D)
  A shadow wraith (D)
  2 shining eyes (D)
  2 wolf spiders (D)
  A red wasp (D)
  A necromancer (D)
  2 cyclopes (D)
  A smoke demon (D)
  9 toenail golems (D)
  2 spiny frogs (D)
  An ancient zyme (D)
  A red devil (D)
  A demonic crawler (D)
  2 jumping spiders (D)
  A hellwing (D)
  2 blink frogs (D)
  3 merfolk (D)
  A raiju (shapeshifter) (D)
  A trapdoor spider (D)
  A redback (D)
  3 shadows (D)
  A hog (shapeshifter) (D)
  2 yaks (D)
  2 neqoxecs (D)
  An ugly thing (D)
  A wolf (D)
  A small abomination (D)
  A porcupine (D)
  2 yellow wasps (D)
  2 water moccasins (D)
  3 necrophages (D)
  Sigmund (D)
  2 crocodiles (D)
  A giant frog (D)
  2 giant slugs (D)
  5 earth elementals (D)
  A scorpion (D)
  3 wights (D)
  A quasit (D)
  A goliath beetle (D)
  An orc priest (D)
  2 iron imps (D)
  A hound (D)
  An orc wizard (D)
  2 iguanas (D)
  2 sheep (D)
  Ijyb (D)
  Jessica (D)
  A necrophage skeleton (D)
  4 green rats (D)
  2 adders (D)
  3 shadow imps (D)
  3 white imps (D)
  An ufetubus (D)
  A giant gecko (D)
  An orc (D)
  2 bats (D)
  3 jackals (D)
  4 quokkas (D)
  A goblin skeleton (D)
  2 goblin zombies (D)
  A rat (D)
  A rat skeleton (D)
  A spectral goblin (D)
120 creatures vanquished.

Vanquished Creatures (others)
  A spatial maelstrom (D)
1 creature vanquished.

Grand Total: 121 creatures vanquished

Notes
Turn   | Place    | Note
--------------------------------------------------------------
     0 | D        | Infinimo, the Demonspawn Fighter, began the quest for the Orb.
     0 | D        | Reached XP level 1. HP: 18/18 MP: 1/1
     1 | D        | Found an ancient bone altar of Kikubaaqudgha.
     2 | D        | Found a basalt altar of Yredelemnul.
     2 | D        | Found an iron altar of Okawaru.
     3 | D        | Found a radiant altar of Vehumet.
     3 | D        | Found a shimmering altar of Xom.
     5 | D        | Found a burning altar of Makhleb.
    14 | D        | Found a corrupted altar of Lugonu.
    14 | D        | Found a white marble altar of Elyvilon.
    14 | D        | Found a deep blue altar of Sif Muna.
    15 | D        | Found a roughly hewn altar of Beogh.
    15 | D        | Found a sparkling altar of Nemelex Xobeh.
    15 | D        | Banished a spatial maelstrom
    23 | D        | Found a bloodstained altar of Trog.
    42 | D        | Reached skill level 5 in Polearms
    42 | D        | Reached skill level 5 in Shields
    42 | D        | Gained mutation: You can steal the life force of nearby defeated enemies. [demonic ancestry]
    42 | D        | Reached XP level 2. HP: 24/24 MP: 2/2
   141 | D        | Entered arena 1.
   141 | D        | Noticed Sigmund
   141 | D        | Noticed Jessica
   144 | D        | Killed Jessica
   151 | D        | Killed Sigmund
   151 | D        | Reached skill level 6 in Polearms
   151 | D        | Reached skill level 7 in Shields
   151 | D        | Reached XP level 3. HP: 29/29 MP: 3/3
   151 | D        | Reached XP level 4. HP: 35/35 MP: 4/4
   163 | D        | Entered arena 2.
   163 | D        | Noticed an orc wizard
   163 | D        | Noticed an orc priest
   167 | D        | Killed an orc priest
   174 | D        | Killed an orc wizard
   174 | D        | Reached skill level 8 in Polearms
   174 | D        | Gained mutation: You have sharp fingernails. [demonic ancestry]
   174 | D        | Reached XP level 5. HP: 41/41 MP: 5/5
   289 | D        | Entered arena 3.
   289 | D        | Noticed a wight
   289 | D        | Noticed a necrophage
   291 | D        | Killed a wight
   294 | D        | Killed a necrophage
   294 | D        | Reached skill level 9 in Polearms
   294 | D        | Reached XP level 6. HP: 47/47 MP: 6/6
   306 | D        | Entered arena 4.
   306 | D        | Noticed an iguana
   314 | D        | Killed an iguana
   327 | D        | Got the ring "Wicvotaop" {+Blink +Fly MR+ MP+9}
   335 | D        | Entered arena 5.
   335 | D        | Noticed a toenail golem
   335 | D        | Noticed a toenail golem
   335 | D        | Noticed a toenail golem
   335 | D        | Noticed a toenail golem
   335 | D        | Noticed a toenail golem
   347 | D        | Killed a toenail golem
   347 | D        | Reached skill level 11 in Polearms
   347 | D        | Reached skill level 10 in Shields
   347 | D        | Reached XP level 7. HP: 38/52 MP: 7/7
   361 | D        | Killed a toenail golem
   361 | D        | Reached skill level 12 in Polearms
   370 | D        | Killed a toenail golem
   370 | D        | Reached skill level 13 in Polearms
   370 | D        | Reached XP level 8. HP: 39/58 MP: 8/8
   377 | D        | Killed a toenail golem
   386 | D        | Killed a toenail golem
   386 | D        | Reached skill level 14 in Polearms
   386 | D        | Reached XP level 9. HP: 44/63 MP: 9/9
   505 | D        | Entered arena 6.
   505 | D        | Noticed a green ugly thing
   505 | D        | Noticed a raiju
   505 | D        | Noticed a neqoxec
   505 | D        | Noticed a shining eye
   505 | D        | Noticed a shining eye
   505 | D        | Noticed a hog
   511 | D        | Killed a raiju
   515 | D        | Killed a hog
   515 | D        | Gained mutation: Armour fits poorly on your strangely shaped body. [a neqoxec]
   515 | D        | Gained mutation: Your body is slowly deteriorating. [a shining eye]
   518 | D        | Gained mutation: You are weak. (Str -2) [a shining eye]
   522 | D        | Killed a shining eye
   522 | D        | Reached skill level 15 in Polearms
   529 | D        | Killed a cyan ugly thing
   533 | D        | Killed a shining eye
   540 | D        | Gained mutation: Your body is deteriorating. [a neqoxec]
   542 | D        | Killed a neqoxec
   549 | D        | Got the +0 helmet "Doclov" {Str+2}
   561 | D        | Entered arena 7.
   561 | D        | Noticed a merfolk
   561 | D        | Noticed a cyclops
   561 | D        | Noticed a merfolk
   561 | D        | Noticed a merfolk
   561 | D        | Noticed a cyclops
   569 | D        | Identified a +4 rod of destruction (10/14)
   588 | D        | Killed a merfolk
   588 | D        | Reached skill level 16 in Polearms
   592 | D        | Killed a merfolk
   598 | D        | Killed a cyclops
   598 | D        | Reached skill level 15 in Shields
   598 | D        | Gained mutation: You have very sharp fingernails. [demonic ancestry]
   598 | D        | Reached XP level 10. HP: 43/70 MP: 10/10
   608 | D        | Killed a merfolk
   616 | D        | Killed a cyclops
   616 | D        | Reached skill level 5 in Armour
   734 | D        | Entered arena 8.
   734 | D        | Noticed Mnisueq the pandemonium lord
   734 | D        | Noticed a red devil
   765 | D        | Killed Mnisueq the pandemonium lord
   765 | D        | Reached skill level 17 in Polearms
   782 | D        | Killed a red devil
   803 | D        | Got the amulet "Trodaoc" {Clar Contam +Blink rC+}
   961 | D        | Identified the Tome of the Entourage (You found it in the Dungeon)
  1005 | D        | Entered arena 9.
  1005 | D        | Noticed a yak
  1005 | D        | Noticed a wolf
  1005 | D        | Noticed an iguana
  1005 | D        | Noticed a spiny frog
  1008 | D        | Killed a wolf
  1015 | D        | Killed a spiny frog
  1015 | D        | Reached skill level 18 in Polearms
  1022 | D        | Killed an iguana
  1026 | D        | Killed a yak
  1066 | D        | Entered arena 10.
  1066 | D        | Noticed a toenail golem
  1066 | D        | Noticed an earth elemental
  1066 | D        | Noticed an earth elemental
  1066 | D        | Noticed a toenail golem
  1066 | D        | Noticed an earth elemental
  1066 | D        | Noticed an earth elemental
  1066 | D        | Noticed a toenail golem
  1066 | D        | Noticed a toenail golem
  1066 | D        | Noticed an earth elemental
  1080 | D        | Killed a toenail golem
  1080 | D        | Reached skill level 10 in Armour
  1085 | D        | Killed a toenail golem
  1085 | D        | Gained mutation: You are partially covered in yellow scales (AC +2). [demonic ancestry]
  1085 | D        | Reached XP level 11. HP: 75/75 MP: 11/11
  1094 | D        | Killed a toenail golem
  1110 | D        | Killed a toenail golem
  1115 | D        | Killed an earth elemental
  1131 | D        | Killed an earth elemental
  1140 | D        | Killed an earth elemental
  1149 | D        | Killed an earth elemental
  1154 | D        | Killed an earth elemental
  1175 | D        | Entered arena 11.
  1175 | D        | Noticed a giant slug
  1175 | D        | Noticed a giant frog
  1175 | D        | Noticed a crocodile
  1175 | D        | Noticed a giant slug
  1175 | D        | Noticed a spiny frog
  1177 | D        | Noticed a crocodile
  1183 | D        | Killed a spiny frog
  1192 | D        | Killed a crocodile
  1195 | D        | Killed a giant frog
  1199 | D        | Killed a crocodile
  1199 | D        | Reached skill level 19 in Polearms
  1207 | D        | Killed a giant slug
  1211 | D        | Killed a giant slug
  1235 | D        | Got the ring "Klyocela" {EV+4 Str+3 Dex+3}
  1255 | D        | Entered arena 12.
  1255 | D        | Noticed a shadow
  1255 | D        | Noticed a vampire mage
  1255 | D        | Noticed a wight
  1255 | D        | Noticed a necrophage
  1255 | D        | Noticed a shadow
  1255 | D        | Noticed a necrophage
  1255 | D        | Noticed a shadow
  1256 | D        | Noticed a wight
  1263 | D        | Killed a shadow
  1267 | D        | Killed a necrophage
  1268 | D        | Noticed a necromancer
  1269 | D        | Killed a necrophage
  1274 | D        | Killed a shadow wraith
  1280 | D        | Killed a vampire mage
  1284 | D        | Killed a wight
  1288 | D        | Killed a shadow
  1290 | D        | Killed a wight
  1299 | D        | Killed a shadow
  1308 | D        | Killed a necromancer
  1442 | D        | Entered arena 13.
  1442 | D        | Noticed a large abomination
  1443 | D        | Noticed an ancient zyme
  1443 | D        | Noticed a large abomination
  1443 | D        | Noticed a quasit
  1443 | D        | Noticed an iron imp
  1443 | D        | Noticed a small abomination
  1444 | D        | Noticed a neqoxec
  1450 | D        | Killed a large abomination
  1451 | D        | Killed an unseen horror
  1452 | D        | Killed a quasit
  1456 | D        | Killed a large abomination
  1456 | D        | Reached skill level 20 in Polearms
  1458 | D        | Noticed an iron imp
  1459 | D        | Killed a small abomination
  1464 | D        | Noticed a smoke demon
  1464 | D        | Killed an ancient zyme
  1471 | D        | Killed an iron imp
  1475 | D        | Killed a neqoxec
  1479 | D        | Killed a smoke demon
  1482 | D        | Killed an iron imp
  1661 | D        | Entered arena 14.
  1661 | D        | Noticed a redback
  1661 | D        | Noticed a jumping spider
  1661 | D        | Noticed an emperor scorpion
  1662 | D        | Noticed a demonic crawler
  1662 | D        | Noticed a wolf spider
  1663 | D        | Noticed a yellow wasp
  1663 | D        | Noticed a yellow wasp
  1663 | D        | Noticed a trapdoor spider
  1667 | D        | Noticed a scorpion
  1672 | D        | Noticed a jumping spider
  1675 | D        | Noticed a red wasp
  1676 | D        | Noticed a wolf spider
  1683 | D        | Noticed a goliath beetle
  1685 | D        | Killed a yellow wasp
  1717 | D        | Killed an emperor scorpion
  1720 | D        | Killed a wolf spider
  1730 | D        | Killed a demonic crawler
  1730 | D        | Gained mutation: You have claws for hands. [demonic ancestry]
  1730 | D        | Reached XP level 12. HP: 71/81 MP: 12/12
  1734 | D        | Killed a red wasp
  1742 | D        | Killed a wolf spider
  1742 | D        | Reached skill level 21 in Polearms
  1744 | D        | Killed a redback
  1745 | D        | Killed a trapdoor spider
  1749 | D        | Killed a jumping spider
  1754 | D        | Killed a jumping spider
  1759 | D        | Killed a yellow wasp
  1760 | D        | Killed a scorpion
  1766 | D        | Killed a goliath beetle
  1797 | D        | Got the ring "Juli" {Str+3 Dex+4 Stlth+}
  1809 | D        | Entered arena 15.
  1809 | D        | Noticed a water moccasin
  1809 | D        | Noticed a water moccasin
  1810 | D        | Noticed a blink frog
  1810 | D        | Noticed a hound
  1811 | D        | Noticed a blink frog
  1811 | D        | Noticed a porcupine
  1812 | D        | Noticed a yak
  1815 | D        | Killed a water moccasin
  1819 | D        | Killed a hound
  1820 | D        | Killed a blink frog
  1827 | D        | Killed a water moccasin
  1829 | D        | Killed a porcupine
  1839 | D        | Killed a yak
  1851 | D        | Killed a blink frog
  1884 | D        | Entered arena 16.
  1886 | D        | Noticed Edmund
  1886 | D        | Noticed Frances
  1886 | D        | Noticed Ijyb
  1887 | D        | Noticed Urug
  1887 | D        | Noticed Saint Roka
  1889 | D        | Noticed Snorg
  1891 | D        | Noticed Rupert
  1893 | D        | Noticed Blork the orc
  1894 | D        | Noticed Joseph
  1898 | D        | Noticed Duvessa
  1905 | D        | Noticed Erica
  1908 | D        | Noticed Wiglaf
  1908 | D        | Killed Snorg
  1911 | D        | Noticed Louise
  1916 | D        | Killed Ijyb
  1928 | D        | Killed from afar by Saint Roka

Action                   |  1- 3 |  4- 6 |  7- 9 | 10-12 || total
-------------------------+-------+-------+-------+-------++-------
Melee: Demon trident     |     5 |    32 |   100 |   455 ||   592
Evoke: Wand              |     3 |     2 |       |       ||     5
  Use: Potion            |     1 |       |     5 |     7 ||    13
       Scroll            |       |       |       |     1 ||     1
